[Event "GM ZIA Smirity-A 2025"]
[Site "Dhaka"]
[Date "2025.02.19"]
[Round "5.4"]
[White "Anata, Choudhury"]
[Black "Rahman, Syed Mahfuzur"]
[Result "1/2-1/2"]
[Annotator "ChessBase"]
[ECO "B01"]
[WhiteElo "2206"]
[BlackElo "2113"]
[PlyCount "123"]
[EventDate "2025.02.17"]
[EventType "swiss"]
[EventCountry "BAN"]
[SourceTitle "playchess.com"]
[Source "ChessBase"]
[SourceQuality "1"]
[TimeControl "5400+30"]

1. e4 d5 2. exd5 Qxd5 3. Nc3 Qa5 4. d4 c6 5. Nf3 Nf6 6. Bc4 Bf5 7. Ne5 e6 8. g4 Bg6 9. h4 Nbd7 10. Nxd7 Nxd7 11. h5 Be4 12. O-O Bd5 13. Nxd5 cxd5 14. Bd3 Bd6 15. Be3 g6 16. h6 O-O 17. f4 f5 18. g5 Rac8 19. Qe2 Qc7 20. Kg2 Nb6 21. Bd2 Rfe8 22. b3 Nc4 23. Bxc4 dxc4 24. c3 b5 25. Qf3 Re7 26. Rfe1 Kf7 27. Re2 Qc6 28. Rb1 Qxf3+ 29. Kxf3 b4 30. bxc4 Rxc4 31. cxb4 Rxd4 32. Rb3 Rc7 33. Be3 Rxb4 34. Rd3 Be7 35. Bd4 Rd7 36. Red2 Rbb7 37. Be5 Rxd3+ 38. Rxd3 Ke8 39. Rc3 Kd7 40. Rd3+ Kc6 41. Rc3+ Bc5 42. Bd4 Rb5 43. a4 Ra5 44. Ke3 e5 45. fxe5 Kd5 46. Bxc5 Rxc5 47. Rd3+ Kxe5 48. Rd7 f4+ 49. Ke2 Kf5 50. Rxa7 Kxg5 51. Rxh7 Ra5 52. Rf7 Rxa4 53. h7 Ra2+ 54. Kf3 Rh2 55. Rxf4 Rh3+ 56. Kg2 Rxh7 57. Ra4 Rb7 58. Kg3 Rb3+ 59. Kg2 Kh5 60. Ra8 g5 61. Ra4 g4 62. Ra8 1/2-1/2

[Event "GM ZIA Smirity-A 2025"]
[Site "Dhaka"]
[Date "2025.02.19"]
[Round "5.5"]
[White "Islam, Khandaker Aminul"]
[Black "Md Nasir Uddin"]
[Result "1-0"]
[Annotator "ChessBase"]
[ECO "A14"]
[WhiteElo "2169"]
[BlackElo "2010"]
[PlyCount "69"]
[EventDate "2025.02.17"]
[EventType "swiss"]
[EventCountry "BAN"]
[SourceTitle "playchess.com"]
[Source "ChessBase"]
[SourceQuality "1"]
[TimeControl "5400+30"]

1. Nf3 d5 2. c4 e6 3. g3 Nf6 4. Bg2 Be7 5. O-O c5 6. b3 O-O 7. Bb2 Nc6 8. e3 a6 9. Qe2 Qc7 10. Rc1 h6 11. d4 cxd4 12. cxd5 Nxd5 13. Nxd4 Nxd4 14. exd4 Qd8 15. Nc3 Re8 16. Qe4 f5 17. Qf3 Nf6 18. Rd1 Rb8 19. d5 e5 20. d6 Bf8 21. Rac1 Bd7 22. Qe2 e4 23. Nd5 Nxd5 24. Rxd5 Rc8 25. Rcd1 Qg5 26. h4 Qg6 27. Bc1 Rc6 28. Bf4 Rec8 29. R5d2 Rc1 30. Qe3 Qh5 31. Qd4 Rxd1+ 32. Rxd1 Rc2 33. Qd5+ Kh7 34. Bxe4 fxe4 35. Qxh5 1-0

[Event "GM ZIA Smirity-A 2025"]
[Site "Dhaka"]
[Date "2025.02.19"]
[Round "5.6"]
[White "Mohammad, Javed"]
[Black "Kazi Zarin, Tasnim"]
[Result "1-0"]
[Annotator "ChessBase"]
[ECO "D36"]
[WhiteElo "2139"]
[BlackElo "1897"]
[PlyCount "77"]
[EventDate "2025.02.17"]
[EventType "swiss"]
[EventCountry "BAN"]
[SourceTitle "playchess.com"]
[Source "ChessBase"]
[SourceQuality "1"]
[TimeControl "5400+30"]

1. d4 Nf6 2. Nf3 d5 3. c4 e6 4. Nc3 Nbd7 5. cxd5 exd5 6. Bg5 Be7 7. e3 c6 8. Bd3 O-O 9. O-O Re8 10. Qc2 h6 11. Bf4 Nh5 12. Nxd5 Nxf4 13. Nxf4 Nf6 14. Bc4 Bd6 15. Ng6 b5 16. Bb3 Be6 17. Nge5 c5 18. Bxe6 Rxe6 19. a4 a6 20. Rfd1 Qe8 21. h3 cxd4 22. exd4 Rc8 23. Qb3 Bxe5 24. Nxe5 Nd7 25. Nd3 Rd6 26. axb5 axb5 27. Qb4 Rd5 28. Re1 Qf8 29. Qb3 Rc4 30. Ne5 Rcxd4 31. Nc6 Rd3 32. Qc2 Rd6 33. Ne7+ Kh8 34. Nc8 Rd2 35. Qc7 R6d4 36. Ra8 Kh7 37. Qb7 Qb4 38. Ne7 Rd1 39. Rh8+ 1-0

[Event "GM ZIA Smirity-A 2025"]
[Site "Dhaka"]
[Date "2025.02.19"]
[Round "5.7"]
[White "Khan, Nazrana"]
[Black "Sajidul, Haque"]
[Result "1-0"]
[Annotator "ChessBase"]
[ECO "D26"]
[WhiteElo "1840"]
[BlackElo "2107"]
[PlyCount "159"]
[EventDate "2025.02.17"]
[EventType "swiss"]
[EventCountry "BAN"]
[SourceTitle "playchess.com"]
[Source "ChessBase"]
[SourceQuality "1"]
[TimeControl "5400+30"]

1. d4 d5 2. c4 dxc4 3. Nf3 Nf6 4. e3 a6 5. Bxc4 b5 6. Bd3 Bb7 7. O-O e6 8. Nc3 b4 9. Na4 Nbd7 10. b3 Bd6 11. Bb2 O-O 12. Qe2 Ne4 13. Rfd1 f5 14. Rac1 Qe8 15. Ne5 f4 16. Bxe4 Bxe4 17. f3 Bb7 18. e4 Nb6 19. Nc5 Bxe5 20. dxe5 Bc6 21. Qe1 a5 22. Bd4 Bb5 23. Bf2 Qf7 24. h3 g5 25. Nb7 Rfb8 26. Nc5 h5 27. Nd3 Kh7 28. Qd2 Rg8 29. Qc2 Rg7 30. Bxb6 cxb6 31. Nf2 Qa7 32. Rd6 Re8 33. Qd2 Rb7 34. Qd4 Bd7 35. Rd1 Re7 36. Nd3 Be8 37. h4 Bb5 38. hxg5 Bxd3 39. Rxd3 Kg6 40. g3 fxg3 41. f4 h4 42. Qe3 b5 43. R3d4 Rh7 44. Rxe6+ Kf7 45. Red6 Ke8 46. g6 Rhd7 47. Kg2 Rbc7 48. Kh3 Rc3 49. Qd2 g2+ 50. Kxg2 Rdc7 51. Qe2 Rg3+ 52. Kh2 Rcc3 53. Rd8+ Ke7 54. R8d7+ Qxd7 55. Rxd7+ Kxd7 56. Qxb5+ Kc7 57. Qxa5+ Kc6 58. Qa6+ Kc5 59. Qd6+ Kb5 60. Qd7+ Kc5 61. Qe7+ Kb5 62. Qxh4 Rxg6 63. Qh7 Rc2+ 64. Kh3 Rc3+ 65. Kh4 Rg2 66. Qd7+ Kb6 67. e6 Rc1 68. Kh3 Rg6 69. Qd8+ Kb7 70. Qd5+ Ka6 71. e5 Rc3+ 72. Kh4 Rg7 73. Qd6+ Ka5 74. f5 Rc2 75. Qd5+ Kb6 76. Qd4+ Ka5 77. Qd8+ Rcc7 78. f6 Rh7+ 79. Kg5 Ka6 80. Qxc7 1-0

[Event "GM ZIA Smirity-A 2025"]
[Site "Dhaka"]
[Date "2025.02.19"]
[Round "5.8"]
[White "Noshin, Anjum"]
[Black "Alam, Monjur"]
[Result "1/2-1/2"]
[Annotator "NA"]
[ECO "C10"]
[WhiteElo "2053"]
[BlackElo "1906"]
[PlyCount "114"]
[EventDate "2025.02.17"]
[EventType "swiss"]
[EventCountry "BAN"]
[SourceTitle "playchess.com"]
[Source "ChessBase"]
[SourceQuality "1"]
[TimeControl "5400+30"]

1. e4 e6 2. d4 d5 3. Nc3 dxe4 4. Nxe4 Bd7 5. Bd3 Bc6 6. Nf3 Nd7 7. O-O Ngf6 8. Nc3 Be7 9. Re1 Bxf3 10. Qxf3 c6 11. Be3 O-O 12. Rad1 Re8 13. Qg3 Nf8 14. Ne2 Qd6 15. Qh3 Ng6 16. c4 Rad8 17. a3 Qc7 18. b4 a5 19. Bd2 axb4 20. axb4 Ra8 21. Ra1 b5 22. cxb5 Rxa1 23. Rxa1 cxb5 24. Bxb5 Rb8 25. Rc1 Qd8 26. Qd3 Nd5 27. Rb1 Qf8 28. Qc4 Rb6 29. Bc6 Nxb4 30. Be4 Qb8 31. g3 Bd6 32. Bxg6 hxg6 33. Bf4 Nd5 34. Rxb6 Qxb6 35. Bxd6 Qxd6 36. Qc8+ Qf8 37. Qxf8+ Kxf8 38. Kg2 Ke7 39. Kf3 Kd6 40. h4 Ne7 41. Nc3 f6 42. Ke4 Nc6 43. Nb5+ Kd7 44. g4 Nb4 45. Nc3 Ke7 46. d5 exd5+ 47. Nxd5+ Nxd5 48. Kxd5 Kd7 49. f4 Ke7 50. g5 Kd7 51. gxf6 gxf6 52. Ke4 Ke6 53. f5+ gxf5+ 54. Kf4 Kf7 55. Kxf5 Kg7 56. h5 Kh6 57. Kxf6 Kxh5 1/2-1/2

[Event "GM ZIA Smirity-A 2025"]
[Site "Dhaka"]
[Date "2025.02.19"]
[Round "5.9"]
[White "Swarnavo Choudhury"]
[Black "Tashriq Saihan, Shan"]
[Result "1/2-1/2"]
[Annotator "ChessBase"]
[ECO "C89"]
[WhiteElo "2120"]
[BlackElo "1974"]
[PlyCount "118"]
[EventDate "2025.02.17"]
[EventType "swiss"]
[EventCountry "BAN"]
[SourceTitle "playchess.com"]
[Source "ChessBase"]
[SourceQuality "1"]
[TimeControl "5400+30"]

1. e4 e5 2. Nf3 Nc6 3. Bb5 a6 4. Ba4 Nf6 5. O-O Be7 6. Re1 b5 7. Bb3 O-O 8. c3 d5 9. exd5 Nxd5 10. Nxe5 Nxe5 11. Rxe5 c6 12. d4 Bd6 13. Re1 Qh4 14. g3 Qh3 15. Be3 Ra7 16. Qd3 Re7 17. Bxd5 cxd5 18. Nd2 Rfe8 19. a4 Bf5 20. Qf1 Qh5 21. axb5 axb5 22. Qxb5 Bd7 23. Qd3 Bf5 24. Qa6 Re6 25. Qb5 Bg6 26. Ra6 f5 27. Qxd5 Bf7 28. Qf3 Qh3 29. Qg2 Qg4 30. Qf3 Qh3 31. Nc4 Bxg3 32. Qxg3 Qxg3+ 33. hxg3 Rxa6 34. Ne5 Bd5 35. Rc1 Bb7 36. b4 Rea8 37. Kf1 Ra1 38. Rxa1 Rxa1+ 39. Ke2 Be4 40. b5 Ra2+ 41. Bd2 g5 42. f3 Bb7 43. Kd3 h6 44. c4 Ra3+ 45. Ke2 Rb3 46. d5 Bxd5 47. cxd5 Rxb5 48. Nc6 Kf7 49. Nb4 h5 50. Kd3 h4 51. gxh4 gxh4 52. Kc4 h3 53. Bf4 Ra5 54. Kd4 Ke8 55. Nd3 Ra2 56. Ke5 Ra3 57. Kd4 Ra2 58. Ke5 Ra3 59. Kd4 Ra2 1/2-1/2

[Event "GM ZIA Smirity-A 2025"]
[Site "Dhaka"]
[Date "2025.02.19"]
[Round "5.10"]
[White "Md., Sharif Hossain"]
[Black "Islam, M.M. Zahirul"]
[Result "1-0"]
[Annotator "NA"]
[ECO "C11"]
[WhiteElo "2075"]
[BlackElo "1912"]
[PlyCount "173"]
[EventDate "2025.02.17"]
[EventType "swiss"]
[EventCountry "BAN"]
[SourceTitle "playchess.com"]
[Source "ChessBase"]
[SourceQuality "1"]
[TimeControl "5400+30"]

1. e4 e6 2. d4 d5 3. Nc3 Nf6 4. e5 Nfd7 5. f4 c5 6. Nf3 Nc6 7. Be3 Be7 8. a3 O-O 9. Qd2 a6 10. dxc5 Bxc5 11. Bxc5 Nxc5 12. b4 Nd7 13. Ne2 Nb6 14. Ned4 Bd7 15. Bd3 Nxd4 16. Nxd4 Rc8 17. Qf2 Nc4 18. O-O Nb2 19. Be2 f6 20. Bg4 f5 21. Be2 Qe7 22. Rfb1 Na4 23. Rb3 Rc3 24. Bd3 Rfc8 25. Rab1 b5 26. Ne2 R3c7 27. Qd4 Qh4 28. Rf1 Be8 29. Qe3 h6 30. h3 Kh8 31. Kh2 Bh5 32. Nd4 Qe7 33. Rg1 Rc3 34. g4 fxg4 35. Rxc3 Rxc3 36. Qg3 Bg6 37. Qxg4 Bxd3 38. cxd3 Rxd3 39. Nxe6 Rd2+ 40. Kh1 d4 41. Qxg7+ Qxg7 42. Nxg7 Nc3 43. Nh5 Ne4 44. Rg2 Rd1+ 45. Kh2 d3 46. Nf6 Nxf6 47. exf6 Rc1 48. f7 Rc8 49. Rd2 Kg7 50. Rxd3 Rc6 51. Kg3 Kxf7 52. Kg4 Kg6 53. Rd5 Kg7 54. Kf5 Rc3 55. Rd7+ Kf8 56. Rd6 Rxa3 57. Rxh6 Kg7 58. Rg6+ Kf7 59. h4 a5 60. Rb6 axb4 61. Rb7+ Kg8 62. Rxb5 Rb3 63. h5 Rb1 64. Kg6 Rg1+ 65. Kf6 Rb1 66. Rg5+ Kh7 67. Rb5 b3 68. Rb7+ Kh6 69. Kf5 b2 70. Rb3 Kh7 71. Rb6 Kg7 72. Rg6+ Kh7 73. Rg2 Kh6 74. Rh2 Kg7 75. Rf2 Kh6 76. Rg2 Kh7 77. Kg5 Kg7 78. h6+ Kh7 79. f5 Kg8 80. Kg6 Kh8 81. f6 Kg8 82. f7+ Kf8 83. h7 Rh1 84. h8=Q+ Rxh8 85. Rxb2 Rh1 86. Rb8+ Ke7 87. f8=Q+ 1-0

[Event "GM ZIA Smirity-A 2025"]
[Site "Dhaka"]
[Date "2025.02.19"]
[Round "5.11"]
[White "Rayan Rashid Mugdho"]
[Black "Ghosh, Chanchal Kumer"]
[Result "0-1"]
[Annotator "NA"]
[ECO "B08"]
[WhiteElo "1861"]
[BlackElo "2041"]
[PlyCount "103"]
[EventDate "2025.02.17"]
[EventType "swiss"]
[EventCountry "BAN"]
[SourceTitle "playchess.com"]
[Source "ChessBase"]
[SourceQuality "1"]
[TimeControl "5400+30"]

1. e4 d6 2. d4 g6 3. Nc3 Bg7 4. Nf3 Nf6 5. Bc4 O-O 6. Bf4 Nxe4 7. Nxe4 d5 8. Bd3 dxe4 9. Bxe4 c5 10. Qd2 cxd4 11. O-O-O Nd7 12. Bh6 e5 13. Bd5 Nf6 14. Bxg7 Kxg7 15. Bb3 Bg4 16. Qg5 Bxf3 17. gxf3 Re8 18. Rhe1 h6 19. Qh4 Qd6 20. Rg1 b5 21. Rg3 a5 22. Rdg1 a4 23. Bxf7 Kxf7 24. Qxh6 Rg8 25. Rxg6 Rxg6 26. Qxg6+ Ke6 27. Rg5 Rg8 28. Qf5+ Kd5 29. Rxg8 Nxg8 30. Qf7+ Qe6 31. Qb7+ Kc5 32. Qc7+ Kd5 33. Qb7+ Kd6 34. Qxb5 Qxa2 35. Qb8+ Kd7 36. Qxe5 Qc4 37. Qg7+ Ne7 38. Qg4+ Kd8 39. Qg3 Qb4 40. Qe5 Nc6 41. Qe4 Qc4 42. Kd2 Kc7 43. h4 Qf1 44. Qe2 Qb1 45. Qa6 Qxb2 46. Qxa4 Qc3+ 47. Ke2 Qc5 48. Qb3 Qe7+ 49. Kf1 Qxh4 50. Qf7+ Kd6 51. Qf8+ Kd5 52. Qf5+ 0-1

[Event "GM ZIA Smirity-A 2025"]
[Site "Dhaka"]
[Date "2025.02.19"]
[Round "5.12"]
[White "Chowdhury, Sohel"]
[Black "Safayat, Kibria Azaan"]
[Result "1/2-1/2"]
[Annotator "NA"]
[ECO "C78"]
[WhiteElo "2018"]
[BlackElo "1850"]
[PlyCount "119"]
[EventDate "2025.02.17"]
[EventType "swiss"]
[EventCountry "BAN"]
[SourceTitle "playchess.com"]
[Source "ChessBase"]
[SourceQuality "1"]
[TimeControl "5400+30"]

1. e4 e5 2. Nf3 Nc6 3. Bb5 a6 4. Ba4 Nf6 5. O-O b5 6. Bb3 Bb7 7. Re1 Bc5 8. c3 d6 9. d4 Bb6 10. a4 h6 11. h3 O-O 12. d5 Ne7 13. Be3 Bxe3 14. Rxe3 Nd7 15. Nbd2 f5 16. exf5 Nxf5 17. Re1 Nc5 18. Ne4 Nxe4 19. Rxe4 Kh8 20. Qd3 c5 21. dxc6 Bxc6 22. Bd5 Bxd5 23. Qxd5 Qb6 24. Rb4 Ng3 25. Re1 Nh5 26. axb5 Nf4 27. Rxf4 exf4 28. Nh4 Qxb5 29. Ng6+ Kh7 30. Nxf8+ Rxf8 31. Qxd6 Rf6 32. Qd2 f3 33. Re3 fxg2 34. Qd3+ Qxd3 35. Rxd3 Rb6 36. b4 a5 37. bxa5 Ra6 38. Kxg2 Rxa5 39. Kf3 Re5 40. c4 Rc5 41. Rc3 g5 42. Ke4 Kg6 43. Kd4 Rf5 44. c5 Rxf2 45. c6 Rf8 46. c7 Rc8 47. Ke5 Kh5 48. Kd6 Kh4 49. Kd7 Rh8 50. c8=Q Rxc8 51. Rxc8 Kxh3 52. Ke6 g4 53. Kf5 g3 54. Kf4 g2 55. Rc3+ Kh2 56. Rc2 Kh1 57. Rxg2 Kxg2 58. Kg4 Kf2 59. Kh5 Kg3 60. Kxh6 1/2-1/2

[Event "GM ZIA Smirity-A 2025"]
[Site "Dhaka"]
[Date "2025.02.19"]
[Round "5.13"]
[White "Hamid, Rani"]
[Black "Aiyan, Rahman"]
[Result "*"]
[Annotator "NA"]
[ECO "B01"]
[WhiteElo "1913"]
[BlackElo "1827"]
[PlyCount "36"]
[EventDate "2025.02.17"]
[EventType "swiss"]
[EventCountry "BAN"]
[SourceTitle "playchess.com"]
[Source "ChessBase"]
[SourceQuality "1"]
[TimeControl "5400+30"]

1. e4 d5 2. exd5 Qd7 3. d6 Qxd6 4. Nc3 Qd5 5. d4 Qa5 6. Nf3 c6 7. Bd3 Nf6 8. O-O Bg4 9. Re1 e6 10. h3 Bd6 11. a3 Bh5 12. Be3 Nbd7 13. Qe2 Qc7 14. Bg5 O-O-O 15. Bxf6 h6 16. Ne4 gxf6 17. b4 Bf4 18. Nc5 e5 *

[Event "GM ZIA Smirity-A 2025"]
[Site "Dhaka"]
[Date "2025.02.19"]
[Round "5.13"]
[White "Hamid, Rani"]
[Black "Aiyan, Rahman"]
[Result "1-0"]
[Annotator "NA"]
[ECO "B01"]
[WhiteElo "1913"]
[BlackElo "1827"]
[PlyCount "139"]
[EventDate "2025.02.17"]
[EventType "swiss"]
[EventCountry "BAN"]
[SourceTitle "playchess.com"]
[Source "ChessBase"]
[SourceQuality "1"]
[TimeControl "5400+30"]

1. e4 d5 2. exd5 Qxd5 3. Nc3 Qa5 4. d4 c6 5. Nf3 Nf6 6. Bd3 Bg4 7. O-O e6 8. Re1 Bd6 9. h3 Bh5 10. a3 Nbd7 11. Be3 Qc7 12. Qe2 O-O-O 13. Bg5 h6 14. Bxf6 gxf6 15. Ne4 Bf4 16. b4 e5 17. Nc5 Nxc5 18. dxc5 Rhg8 19. Bf5+ Kb8 20. Rad1 Rg5 21. g4 Rxf5 22. gxf5 Rg8+ 23. Kh1 Qc8 24. Qd3 Qxf5 25. Nh4 Qc8 26. Qd6+ Ka8 27. Qd7 Bxd1 28. Qxc8+ Rxc8 29. Rxd1 Kb8 30. Nf5 Kc7 31. Rd6 Rd8 32. Rxf6 Rd7 33. Nd6 Bg5 34. Rf5 f6 35. Kg2 h5 36. Kf3 b6 37. Ne4 bxc5 38. Nxc5 Rd2 39. c3 Ra2 40. a4 Ra3 41. Ne4 h4 42. a5 Kd7 43. Nxg5 Rxc3+ 44. Kg2 fxg5 45. Rxg5 Rc4 46. Rg7+ Kd6 47. Rb7 a6 48. Rb6 Kd5 49. Rb8 Kd4 50. Kf3 Kc3 51. Rb6 Kb3 52. Rxa6 Kxb4 53. Ra8 Kb5 54. a6 Kb6 55. a7 Kb7 56. Re8 Kxa7 57. Rxe5 Kb6 58. Ke2 Rc2+ 59. Kf3 Rc4 60. Ke2 Rc2+ 61. Kf3 Rc4 62. Ke2 c5 63. Kd3 Rd4+ 64. Ke3 Ra4 65. f3 Kb5 66. Rh5 Rb4 67. Rg5 Rb3+ 68. Ke4 Kb4 69. Rg4 c4 70. Rg5 1-0

[Event "GM ZIA Smirity-A 2025"]
[Site "Dhaka"]
[Date "2025.02.19"]
[Round "5.14"]
[White "Masum, Hossain"]
[Black "Tahmidul, Haque"]
[Result "1-0"]
[Annotator "NA"]
[ECO "D30"]
[WhiteElo "2011"]
[BlackElo "2016"]
[PlyCount "89"]
[EventDate "2025.02.17"]
[EventType "swiss"]
[EventCountry "BAN"]
[SourceTitle "playchess.com"]
[Source "ChessBase"]
[SourceQuality "1"]
[TimeControl "5400+30"]

1. d4 d5 2. c4 e6 3. Nc3 c5 4. cxd5 exd5 5. Nf3 Nc6 6. g3 Nf6 7. Bg2 Be7 8. O-O O-O 9. Be3 c4 10. Ne5 Bb4 11. Bg5 Bxc3 12. bxc3 Be6 13. Rb1 h6 14. Bf4 Qe7 15. Qc2 Rfd8 16. f3 Ne8 17. e4 Nxe5 18. Bxe5 g5 19. f4 f6 20. exd5 Bxd5 21. Qg6+ Qg7 22. Bxd5+ Rxd5 23. Qxg7+ Kxg7 24. Rb2 b6 25. Rxb6 Kg8 26. Rb7 Rc5 27. Bb8 Ra5 28. fxg5 hxg5 29. Re1 Kf8 30. h4 gxh4 31. gxh4 Rxa2 32. Bf4 Ra5 33. Kg2 Rh5 34. Kg3 a5 35. Kg4 Rh8 36. Bc1 f5+ 37. Kh3 Ng7 38. Ba3+ Kg8 39. Rg1 Rh7 40. Bd6 a4 41. Be5 a3 42. Bxg7 a2 43. Be5+ Kf8 44. Rxh7 a1=Q 45. Bd6+ 1-0

[Event "GM ZIA Smirity-A 2025"]
[Site "Dhaka"]
[Date "2025.02.19"]
[Round "5.15"]
[White "Abrar, Reazul Ahnaf Mohamma"]
[Black "Neelava, Choudhury"]
[Result "0-1"]
[Annotator "NA"]
[ECO "C88"]
[WhiteElo "1771"]
[BlackElo "1784"]
[PlyCount "107"]
[EventDate "2025.02.17"]
[EventType "swiss"]
[EventCountry "BAN"]
[SourceTitle "playchess.com"]
[Source "ChessBase"]
[SourceQuality "1"]
[TimeControl "5400+30"]

1. e4 e5 2. Nf3 Nc6 3. Bb5 a6 4. Ba4 Nf6 5. O-O Be7 6. Re1 b5 7. Bb3 O-O 8. a4 Bb7 9. d3 d6 10. Nc3 b4 11. Nd5 Nxd5 12. Bxd5 Na5 13. Bxb7 Nxb7 14. d4 exd4 15. Qxd4 a5 16. Qd5 Nc5 17. Be3 Nd7 18. Rad1 Bf6 19. Bd4 Re8 20. Bxf6 Qxf6 21. Qc6 Ne5 22. Nxe5 Qxe5 23. b3 h6 24. Qxc7 Rac8 25. Qxd6 Qxd6 26. Rxd6 Rxc2 27. g3 Rc3 28. Ra6 Rxb3 29. Rxa5 Ra3 30. e5 Rc8 31. Rb1 Rc4 32. f4 Ra2 33. Ra8+ Kh7 34. a5 Rcc2 35. h4 b3 36. Rd8 b2 37. Rdd1 Rxa5 38. g4 Rac5 39. Kf1 Rc1 40. Ke2 R5c2+ 41. Kd3 Rc7 42. Ke2 R7c2+ 43. Kd3 Rxb1 44. Rxb1 Rg2 45. g5 hxg5 46. hxg5 Kg6 47. Kc3 Rf2 48. Rxb2 Rxb2 49. Kxb2 Kf5 50. Kc3 g6 51. Kd4 Kxf4 52. Kd5 Kxg5 53. Kd6 Kf5 54. Ke7 0-1

[Event "GM ZIA Smirity-A 2025"]
[Site "Dhaka"]
[Date "2025.02.20"]
[Round "6.1"]
[White "Md Minhaz Uddin"]
[Black "Zia, Tahsin Tajwar"]
[Result "1/2-1/2"]
[Annotator "RC"]
[ECO "B70"]
[WhiteElo "2230"]
[BlackElo "2323"]
[PlyCount "67"]
[EventDate "2025.02.17"]
[EventType "swiss"]
[EventCountry "BAN"]
[SourceTitle "playchess.com"]
[Source "ChessBase"]
[SourceQuality "1"]
[TimeControl "5400+30"]

1. e4 c5 2. Nf3 Nc6 3. d4 cxd4 4. Nxd4 g6 5. Nc3 Bg7 6. Nxc6 bxc6 7. Bc4 Qc7 8. O-O Nf6 9. Re1 d6 10. h3 O-O 11. Bg5 h6 12. Bh4 a5 13. Bb3 Kh7 14. Qd2 e5 15. Rad1 Ne8 16. f3 f5 17. Na4 f4 18. c4 g5 19. Bf2 c5 20. Nc3 Be6 21. Ba4 Rd8 22. Nd5 Qa7 23. Kf1 Nc7 24. Qc2 Nxd5 25. Rxd5 Bf6 26. Rd3 Qc7 27. Red1 h5 28. Ke2 Kg6 29. Kd2 g4 30. hxg4 hxg4 31. Kc1 Rh8 32. Be1 g3 33. Kd2 Rhf8 34. Bf2 1/2-1/2

[Event "GM ZIA Smirity-A 2025"]
[Site "Dhaka"]
[Date "2025.02.20"]
[Round "6.2"]
[White "Sakline Mostafa, Sajid"]
[Black "Islam, Khandaker Aminul"]
[Result "1-0"]
[Annotator "RC"]
[ECO "A13"]
[WhiteElo "2199"]
[BlackElo "2169"]
[PlyCount "80"]
[EventDate "2025.02.17"]
[EventType "swiss"]
[EventCountry "BAN"]
[SourceTitle "playchess.com"]
[Source "ChessBase"]
[SourceQuality "1"]
[TimeControl "5400+30"]

1. Nf3 Nf6 2. e3 b6 3. c4 Bb7 4. Nc3 e6 5. b3 Be7 6. Bb2 O-O 7. Be2 d5 8. O-O Nbd7 9. a4 a5 10. d4 Re8 11. Rc1 Rc8 12. Bd3 Bf8 13. Ne5 dxc4 14. Bxc4 Nxe5 15. dxe5 Nd7 16. f4 Nc5 17. Qe2 Qh4 18. Rcd1 Red8 19. Rd4 Rd7 20. Nb5 Qd8 21. Ba3 Bd5 22. Rfd1 c6 23. Nc3 Nxb3 24. Bxb3 Bxa3 25. e4 Bc5 26. exd5 Bxd4+ 27. Rxd4 exd5 28. Qg4 Rcc7 29. f5 f6 30. e6 Qe7 31. h3 Rd8 32. Qf4 Rcc8 33. Qd2 Re8 34. Rg4 Kh8 35. Ne2 g5 36. fxg6 Qxe6 37. Nf4 Qe1+ 38. Qxe1 Rxe1+ 39. Kf2 Re7 40. gxh7 Rg7 1-0

[Event "GM ZIA Smirity-A 2025"]
[Site "Dhaka"]
[Date "2025.02.20"]
[Round "6.3"]
[White "Wadifa, Ahmed"]
[Black "Mohammad, Javed"]
[Result "0-1"]
[Annotator "RC"]
[ECO "B45"]
[WhiteElo "2053"]
[BlackElo "2139"]
[PlyCount "124"]
[EventDate "2025.02.17"]
[EventType "swiss"]
[EventCountry "BAN"]
[SourceTitle "playchess.com"]
[Source "ChessBase"]
[SourceQuality "1"]
[TimeControl "5400+30"]

1. e4 c5 2. Nf3 Nc6 3. d4 cxd4 4. Nxd4 Nf6 5. Nc3 e6 6. Ndb5 Bb4 7. a3 Bxc3+ 8. Nxc3 d5 9. exd5 exd5 10. Bd3 O-O 11. O-O d4 12. Ne2 Bg4 13. f3 Bh5 14. Nf4 Qd6 15. c3 Rad8 16. Qc2 Bg6 17. Nxg6 hxg6 18. Rd1 dxc3 19. Qxc3 Nd5 20. Qb3 Qc5+ 21. Kh1 Nd4 22. Qc4 Qxc4 23. Bxc4 Nb6 24. Bd3 Nb3 25. Rb1 Nc5 26. Bc2 Rxd1+ 27. Bxd1 Re8 28. Bd2 Nc4 29. Bc3 Re3 30. a4 Nxb2 31. Bd2 Nxd1 32. Bxe3 Nxe3 33. Kg1 b6 34. Rb4 f5 35. Rd4 g5 36. g3 Kf7 37. Kf2 Nc2 38. Rc4 Nb4 39. Rc3 a5 40. Ra3 Ke6 41. Ke2 Kd5 42. Kd2 Kc4 43. Rc3+ Kd4 44. Ra3 f4 45. gxf4 gxf4 46. h3 Nc6 47. Kc2 Ne5 48. h4 Nc4 49. Ra1 Ne3+ 50. Kb2 Nd3+ 51. Kb3 Nc5+ 52. Kb2 Kd3 53. Rg1 Nxa4+ 54. Ka3 b5 55. Rxg7 Kc3 56. h5 Nc4+ 57. Ka2 b4 58. Rb7 Nc5 59. Rb5 b3+ 60. Ka1 Ne6 61. h6 Nf8 62. Rb8 Kc2 0-1

[Event "GM ZIA Smirity-A 2025"]
[Site "Dhaka"]
[Date "2025.02.20"]
[Round "6.4"]
[White "Abu Sufian, Shakil"]
[Black "Anata, Choudhury"]
[Result "1-0"]
[Annotator "RC"]
[ECO "B51"]
[WhiteElo "2224"]
[BlackElo "2206"]
[PlyCount "61"]
[EventDate "2025.02.17"]
[EventType "swiss"]
[EventCountry "BAN"]
[SourceTitle "playchess.com"]
[Source "ChessBase"]
[SourceQuality "1"]
[TimeControl "5400+30"]

1. e4 c5 2. Nf3 d6 3. Bb5+ Nc6 4. O-O Bd7 5. Re1 Nf6 6. h3 a6 7. Bf1 Rg8 8. d4 cxd4 9. Nxd4 g5 10. Nxc6 Bxc6 11. Nc3 e6 12. g3 Be7 13. Bg2 h5 14. Be3 g4 15. h4 Nd7 16. Nd5 Bxd5 17. exd5 e5 18. Qd3 Bf8 19. c4 Qf6 20. b4 b6 21. c5 dxc5 22. d6 Ra7 23. bxc5 bxc5 24. Rad1 Bh6 25. Bxh6 Qxh6 26. Bc6 Kf8 27. Qf5 Nb8 28. d7 Nxc6 29. d8=Q+ Nxd8 30. Rxd8+ Kg7 31. Qxe5+ 1-0

[Event "GM ZIA Smirity-A 2025"]
[Site "Dhaka"]
[Date "2025.02.20"]
[Round "6.5"]
[White "Rahman, Syed Mahfuzur"]
[Black "Mehdi Hasan Parag"]
[Result "1-0"]
[Annotator "RC"]
[ECO "D18"]
[WhiteElo "2113"]
[BlackElo "2158"]
[PlyCount "59"]
[EventDate "2025.02.17"]
[EventType "swiss"]
[EventCountry "BAN"]
[SourceTitle "playchess.com"]
[Source "ChessBase"]
[SourceQuality "1"]
[TimeControl "5400+30"]

1. d4 d5 2. c4 c6 3. Nc3 Nf6 4. Nf3 dxc4 5. a4 Bf5 6. e3 e6 7. Bxc4 Bb4 8. O-O O-O 9. Nh4 Bg4 10. f3 Bh5 11. g4 Nd5 12. Ng2 Bg6 13. Na2 Be7 14. e4 Nb6 15. Bb3 a5 16. Be3 Na6 17. Rc1 c5 18. dxc5 Nd7 19. c6 bxc6 20. Rxc6 Qe8 21. h4 h5 22. gxh5 Bxh5 23. Nf4 Nf6 24. Rxa6 Rxa6 25. e5 Nd5 26. Bxd5 exd5 27. Nxh5 Bxh4 28. Qd4 Bd8 29. Kf2 Bb6 30. Nf6+ 1-0

[Event "GM ZIA Smirity-A 2025"]
[Site "Dhaka"]
[Date "2025.02.20"]
[Round "6.6"]
[White "Ghosh, Chanchal Kumer"]
[Black "Khan, Nazrana"]
[Result "1-0"]
[Annotator "RC"]
[ECO "B23"]
[WhiteElo "2041"]
[BlackElo "1840"]
[PlyCount "93"]
[EventDate "2025.02.17"]
[EventType "swiss"]
[EventCountry "BAN"]
[SourceTitle "playchess.com"]
[Source "ChessBase"]
[SourceQuality "1"]
[TimeControl "5400+30"]

1. e4 c5 2. Nf3 e6 3. Nc3 Nc6 4. g3 g6 5. d4 cxd4 6. Nxd4 Bg7 7. Ndb5 a6 8. Nd6+ Kf8 9. Be3 Nge7 10. f4 f5 11. e5 h5 12. Qd2 Rh7 13. O-O-O Bh6 14. Qf2 Kg8 15. Bb6 Qf8 16. Kb1 g5 17. Bc4 Kh8 18. a3 Ng6 19. Ne2 h4 20. Bb3 h3 21. Rd3 g4 22. Rhd1 Rg7 23. Qc5 Kh7 24. Nd4 Qh8 25. a4 Re7 26. Ba2 Bf8 27. b4 Rg7 28. Nb3 Bxd6 29. Rxd6 Qf8 30. b5 Nce7 31. R1d3 axb5 32. axb5 Nd5 33. R3xd5 exd5 34. Rxg6 Qxc5 35. Rxg7+ Kxg7 36. Nxc5 Ra3 37. Bb3 Kg6 38. Na4 d6 39. exd6 Bd7 40. Kb2 Rxa4 41. Bxa4 Kf6 42. Kc3 Ke6 43. Bc5 Be8 44. Kd4 b6 45. Bxb6 Kxd6 46. Bc5+ Ke6 47. b6 1-0

[Event "GM ZIA Smirity-A 2025"]
[Site "Dhaka"]
[Date "2025.02.20"]
[Round "6.8"]
[White "Kazi Zarin, Tasnim"]
[Black "Noshin, Anjum"]
[Result "1-0"]
[Annotator "RC"]
[ECO "C47"]
[WhiteElo "1897"]
[BlackElo "2053"]
[PlyCount "63"]
[EventDate "2025.02.17"]
[EventType "swiss"]
[EventCountry "BAN"]
[SourceTitle "playchess.com"]
[Source "ChessBase"]
[SourceQuality "1"]
[TimeControl "5400+30"]

1. e4 e5 2. Nf3 Nc6 3. Nc3 Nf6 4. d4 exd4 5. Nxd4 Bb4 6. Nxc6 bxc6 7. Bd3 d5 8. exd5 O-O 9. O-O cxd5 10. Bg5 c6 11. Qf3 Bd6 12. h3 Rb8 13. b3 h6 14. Bf4 a5 15. Rfd1 Re8 16. Ne2 c5 17. Ng3 Bxf4 18. Qxf4 Rb4 19. Qf3 Qc7 20. Nh5 Nxh5 21. Qxh5 c4 22. Bf1 Re5 23. Qf3 cxb3 24. axb3 Rf5 25. Qg3 Qb6 26. Qe3 Qd8 27. Bd3 Rf6 28. Rxa5 Bb7 29. Qc5 Rbf4 30. Ra7 Qb8 31. Re1 g6 32. Rxb7 1-0